FCL
FCL OTTAWA LYNX @ FCL PHILADELPHIA PHILLIES
05/13/2042
 
TOP OF THE 1ST
FCL Ottawa Lynx batting - Pitching for FCL Philadelphia Phillies : RHP Mike Bell
Pitching: RHP Mike Bell
Batting: LHB Dan Gibson 0-0: Ball
1-0: Ball
2-0: Swinging Strike
2-1: Foul Ball, location: 3FF
2-2: Strikes out swinging
Batting: RHB Billy Coates 0-0: Called Strike
0-1: Ball
1-1: DOUBLE (Line Drive, 5D, EV 100.6 MPH)
Batting: LHB Orlando Alfieri 0-0: Foul Ball, location: 2F
0-1: Foul Ball, location: 7LMF
0-2: Strikes out swinging
Batting: LHB Sergio Soriano 0-0: Ball
1-0: Ball
2-0: Called Strike
2-1: 2-RUN HOME RUN (Line Drive, 78XD, EV 110.6 MPH), Distance : 426 ft
Batting: RHB Bert Gutiérrez 0-0: Called Strike
0-1: Swinging Strike
0-2: Strikes out swinging
Top of the 1st over - 2 runs, 2 hits, 0 errors, 0 left on base; FCL Ottawa 2 - FCL Philadelphia 0
BOTTOM OF THE 1ST
FCL Philadelphia Phillies batting - Pitching for FCL Ottawa Lynx : LHP José Ayala
Pitching: LHP José Ayala
Batting: RHB Alex Miller 0-0: Ball
1-0: Ball
2-0: Ball
3-0: Called Strike
3-1: Called Strike
3-2: Strikes out looking
Batting: RHB Stan Newhouse 0-0: Ball
1-0: Ball
2-0: Ground out 6-3 (Groundball, 6, EV 85.0 MPH)
Batting: LHB Jared O'Neal 0-0: Swinging Strike
0-1: Ball
1-1: Foul Ball, location: 2F
1-2: Ball
2-2: Ball
3-2: Foul Ball, location: 9LSF
3-2: Base on Balls
Batting: RHB Johnny Love 0-0: Ball
1-0: SINGLE (Groundball, 6S, EV 70.0 MPH) (infield hit)
Jared O'Neal to second
Batting: RHB Jimmy Anderson 0-0: Swinging Strike
0-1: Called Strike
0-2: Ball
1-2: Ball
2-2: Foul Ball, location: 3F
2-2: Ground out U3 (Groundball, 34, EV 108.1 MPH)
Bottom of the 1st over - 0 runs, 1 hit, 0 errors, 2 left on base; FCL Ottawa 2 - FCL Philadelphia 0
TOP OF THE 2ND
FCL Ottawa Lynx batting - Pitching for FCL Philadelphia Phillies : RHP Mike Bell
Batting: LHB Dan King 0-0: Called Strike
0-1: Ball
1-1: Foul Ball, location: 2LF
1-2: Ball
2-2: Fly out, F8 (Flyball, 8RS, EV 83.8 MPH)
Batting: RHB Jim Unknown 0-0: Ball
1-0: Fly out, F8 (Flyball, 8LM, EV 88.1 MPH)
Batting: RHB Jim Unknown 0-0: Called Strike
0-1: Ball
1-1: Ball
2-1: Foul Ball, location: 3DF
2-2: Foul Ball, location: 9LDF
2-2: Ball
3-2: Foul Ball, location: 23F
3-2: Foul Ball, location: 2F
3-2: Base on Balls
Batting: LHB Jim Unknown 0-0: Called Strike
0-1: Swinging Strike
0-2: Ball
1-2: Strikes out swinging
Top of the 2nd over - 0 runs, 0 hits, 0 errors, 1 left on base; FCL Ottawa 2 - FCL Philadelphia 0
BOTTOM OF THE 2ND
FCL Philadelphia Phillies batting - Pitching for FCL Ottawa Lynx : LHP José Ayala
Batting: RHB Ken Smith 0-0: Called Strike
0-1: Reached on error, E6 (Groundball, 4M, EV 79.4 MPH)
Batting: RHB Micheal Oliver 0-0: Sac Bunt to 3S - play at first, batter OUT! 3-1
Ken Smith to second
Batting: SHB Mike Bell 0-0: Ball
1-0: Ball
2-0: Foul Ball, location: 3F
2-1: Ball
3-1: 2-RUN HOME RUN (Flyball, 89XD, EV 101.9 MPH), Distance : 418 ft
Batting: SHB Jim Unknown 0-0: Foul Ball, location: 2F
0-1: Foul Ball, location: 2F
0-2: Ball
1-2: Ball
2-2: Ball
3-2: Base on Balls
Batting: RHB Alex Miller 0-0: Ball
1-0: Called Strike
1-1: Foul Ball, location: 7LDF
1-2: Ball
2-2: Strikes out swinging
Batting: RHB Stan Newhouse 0-0: Foul Ball, location: 2F
0-1: Foul Ball, location: 25F
0-2: Ball
1-2: Foul Ball, location: 3DF
1-2: Foul Ball, location: 3SF
1-2: Strikes out looking
Bottom of the 2nd over - 2 runs, 1 hit, 1 error, 1 left on base; FCL Ottawa 2 - FCL Philadelphia 2
TOP OF THE 3RD
FCL Ottawa Lynx batting - Pitching for FCL Philadelphia Phillies : RHP Mike Bell
Batting: LHB Dan Gibson 0-0: Ball
1-0: Ground out U3 (Groundball, 34, EV 91.9 MPH)
Batting: RHB Billy Coates 0-0: Ground out 6-3 (Groundball, 6, EV 85.0 MPH)
Batting: LHB Orlando Alfieri 0-0: Ball
1-0: Ball
2-0: Swinging Strike
2-1: Ball
3-1: Base on Balls
Batting: LHB Sergio Soriano 0-0: Ball
1-0: Ball
2-0: Foul Ball, location: 23F
2-1: Foul Ball, location: 5DF
2-2: Ground out 1-3 (Groundball, 15S, EV 71.3 MPH)
Top of the 3rd over - 0 runs, 0 hits, 0 errors, 1 left on base; FCL Ottawa 2 - FCL Philadelphia 2
BOTTOM OF THE 3RD
FCL Philadelphia Phillies batting - Pitching for FCL Ottawa Lynx : LHP José Ayala
Batting: LHB Jared O'Neal 0-0: Swinging Strike
0-1: Ball
1-1: Swinging Strike
1-2: Ball
2-2: Ball
3-2: Base on Balls
Batting: RHB Johnny Love 0-0: Ball
1-0: Grounds into double play, 5-4-3 (Groundball, 56S, EV 84.4 MPH)
Batting: RHB Jimmy Anderson 0-0: Ball
1-0: Fly out, F8 (Flyball, 8LD, EV 93.8 MPH)
Bottom of the 3rd over - 0 runs, 0 hits, 0 errors, 0 left on base; FCL Ottawa 2 - FCL Philadelphia 2
TOP OF THE 4TH
FCL Ottawa Lynx batting - Pitching for FCL Philadelphia Phillies : RHP Mike Bell
Batting: RHB Bert Gutiérrez 0-0: Ball
1-0: Called Strike
1-1: Foul Ball, location: 2F
1-2: Foul Ball, location: 2F
1-2: Ball
2-2: Ball
3-2: Strikes out swinging
Batting: LHB Dan King 0-0: Ball
1-0: Ball
2-0: Called Strike
2-1: Ground out 5-3 (Groundball, 56, EV 100.0 MPH)
Batting: RHB Jim Unknown 0-0: DOUBLE (Line Drive, 8LD, EV 99.4 MPH)
Batting: RHB Jim Unknown 0-0: Called Strike
0-1: Ball
1-1: Swinging Strike
1-2: Strikes out swinging
Top of the 4th over - 0 runs, 1 hit, 0 errors, 1 left on base; FCL Ottawa 2 - FCL Philadelphia 2
BOTTOM OF THE 4TH
FCL Philadelphia Phillies batting - Pitching for FCL Ottawa Lynx : LHP José Ayala
Batting: RHB Ken Smith 0-0: Called Strike
0-1: Called Strike
0-2: Ball
1-2: Foul Ball, location: 2RF
1-2: Fly out, F8 (Flyball, 8RM, EV 97.5 MPH)
Batting: RHB Micheal Oliver 0-0: Foul Ball, location: 5F
0-1: Foul Ball, location: 2F
0-2: Ball
1-2: Ground out U3 (Groundball, 3, EV 101.3 MPH)
Batting: SHB Mike Bell 0-0: Ball
1-0: Ball
2-0: Ball
3-0: Foul Ball, location: 25FF
3-1: Foul Ball, location: 5FF
3-2: Foul Ball, location: 2F
3-2: Strikes out swinging
Bottom of the 4th over - 0 runs, 0 hits, 0 errors, 0 left on base; FCL Ottawa 2 - FCL Philadelphia 2
TOP OF THE 5TH
FCL Ottawa Lynx batting - Pitching for FCL Philadelphia Phillies : RHP Mike Bell
Batting: LHB Jim Unknown 0-0: Swinging Strike
0-1: Ball
1-1: Fly out, F7 (Flyball, 78M, EV 91.9 MPH)
Batting: LHB Dan Gibson 0-0: Ball
1-0: Ball
2-0: Called Strike
2-1: Called Strike
2-2: Ball
3-2: Strikes out swinging
Batting: RHB Billy Coates 0-0: Fly out, F9 (Flyball, 89S, EV 95.0 MPH)
Top of the 5th over - 0 runs, 0 hits, 0 errors, 0 left on base; FCL Ottawa 2 - FCL Philadelphia 2
BOTTOM OF THE 5TH
FCL Philadelphia Phillies batting - Pitching for FCL Ottawa Lynx : LHP José Ayala
Pitching: LHP Pancho Pérez
Batting: SHB Jim Unknown 0-0: Called Strike
0-1: Swinging Strike
0-2: Strikes out swinging
Batting: RHB Alex Miller 0-0: Called Strike
0-1: Ball
1-1: Ground out 6-3 (Groundball, 6, EV 82.5 MPH)
Batting: RHB Stan Newhouse 0-0: Ball
1-0: Ball
2-0: Called Strike
2-1: Ball
3-1: Fly out, F9 (Line Drive, 9S, EV 94.4 MPH)
Bottom of the 5th over - 0 runs, 0 hits, 0 errors, 0 left on base; FCL Ottawa 2 - FCL Philadelphia 2
TOP OF THE 6TH
FCL Ottawa Lynx batting - Pitching for FCL Philadelphia Phillies : RHP Mike Bell
Batting: LHB Orlando Alfieri 0-0: Swinging Strike
0-1: Swinging Strike
0-2: Strikes out looking
Pitching: RHP Jim Unknown
Batting: LHB Sergio Soriano 0-0: Called Strike
0-1: Ball
1-1: Ball
2-1: Swinging Strike
2-2: Foul Ball, location: 2F
2-2: Hit by Pitch
Batting: RHB Bert Gutiérrez 0-0: Ball
1-0: Called Strike
1-1: Ball
2-1: Grounds into double play, 3-6-1 (Groundball, 3, EV 83.8 MPH)
Top of the 6th over - 0 runs, 0 hits, 0 errors, 0 left on base; FCL Ottawa 2 - FCL Philadelphia 2
BOTTOM OF THE 6TH
FCL Philadelphia Phillies batting - Pitching for FCL Ottawa Lynx : LHP Pancho Pérez
Batting: LHB Jared O'Neal 0-0: Foul Ball, location: 7LDF
0-1: Swinging Strike
0-2: Foul Ball, location: 5F
0-2: Strikes out looking
Batting: RHB Johnny Love 0-0: Ball
1-0: Ball
2-0: Ball
3-0: Called Strike
3-1: Base on Balls
Batting: RHB Jimmy Anderson 0-0: Called Strike
0-1: Ball
1-1: Ball
2-1: Foul Ball, location: 9LSF
2-2: Foul Ball, location: 2F
2-2: Ball
3-2: Foul Ball, location: 2F
3-2: Foul Ball, location: 25F
3-2: Foul Ball, location: 9LDF
3-2: Strikes out swinging
Batting: RHB Ken Smith 0-0: Foul Ball, location: 2F
0-1: Ball
1-1: Ball
2-1: Fielders Choice at 2nd, 6-4 (Groundball, 6, EV 109.4 MPH)
Bottom of the 6th over - 0 runs, 0 hits, 0 errors, 1 left on base; FCL Ottawa 2 - FCL Philadelphia 2
TOP OF THE 7TH
FCL Ottawa Lynx batting - Pitching for FCL Philadelphia Phillies : RHP Jim Unknown
Batting: LHB Dan King 0-0: Swinging Strike
0-1: Ball
1-1: Foul Ball, location: 7LMF
1-2: Strikes out swinging
Batting: RHB Jim Unknown 0-0: Called Strike
0-1: Ground out 5-3 (Groundball, 56S, EV 82.5 MPH)
Batting: RHB Jim Unknown 0-0: Foul Ball, location: 2F
0-1: Ball
1-1: Called Strike
1-2: Strikes out swinging
Top of the 7th over - 0 runs, 0 hits, 0 errors, 0 left on base; FCL Ottawa 2 - FCL Philadelphia 2
BOTTOM OF THE 7TH
FCL Philadelphia Phillies batting - Pitching for FCL Ottawa Lynx : LHP Pancho Pérez
Batting: RHB Micheal Oliver 0-0: Ball
1-0: Fly out, F9 (Line Drive, 89M, EV 103.1 MPH)
Batting: SHB Mike Bell 0-0: Swinging Strike
0-1: Swinging Strike
0-2: Ball
1-2: Strikes out swinging
Batting: SHB Jim Unknown 0-0: Called Strike
0-1: Ball
1-1: Ball
2-1: Ball
3-1: Base on Balls
Pitching: LHP Jorge Vázquez
Batting: RHB Alex Miller 0-0: Ball
1-0: Ball
2-0: Called Strike
2-1: Called Strike
2-2: Ball
3-2: Ground out 6-3 (Groundball, 6, EV 78.8 MPH)
Bottom of the 7th over - 0 runs, 0 hits, 0 errors, 1 left on base; FCL Ottawa 2 - FCL Philadelphia 2
TOP OF THE 8TH
FCL Ottawa Lynx batting - Pitching for FCL Philadelphia Phillies : RHP Jim Unknown
Batting: LHB Jim Unknown 0-0: Called Strike
0-1: Swinging Strike
0-2: Strikes out looking
Batting: LHB Dan Gibson 0-0: Called Strike
0-1: Ball
1-1: Foul Ball, location: 7LSF
1-2: Foul Ball, location: 5F
1-2: SINGLE (Line Drive, 34D, EV 95.6 MPH)
Batting: RHB Billy Coates 0-0: Ball
1-0: Bunted foul
1-1: Reached on error, E1 (Groundball, 13, EV 0.0 MPH)
Dan Gibson to second
Batting: LHB Orlando Alfieri 0-0: Ball
1-0: Ball
2-0: Called Strike
2-1: 3-RUN HOME RUN (Flyball, 9LD, EV 96.9 MPH), Distance : 345 ft
Pitching: LHP Jim Unknown
Batting: LHB Sergio Soriano 0-0: Foul Ball, location: 7LDF
0-1: Foul Ball, location: 23FF
0-2: Fly out, F9 (Flyball, 9, EV 83.8 MPH)
Batting: RHB Bert Gutiérrez 0-0: Foul Ball, location: 9LDF
0-1: Ball
1-1: Foul Ball, location: 2F
1-2: Ball
2-2: Ball
3-2: Foul Ball, location: 2F
3-2: Strikes out swinging
Top of the 8th over - 3 runs, 2 hits, 1 error, 0 left on base; FCL Ottawa 5 - FCL Philadelphia 2
BOTTOM OF THE 8TH
FCL Philadelphia Phillies batting - Pitching for FCL Ottawa Lynx : LHP Jorge Vázquez
Batting: RHB Stan Newhouse 0-0: Foul Ball, location: 2F
0-1: Ball
1-1: Fly out, F8 (Flyball, 8LD, EV 95.6 MPH)
Batting: LHB Jared O'Neal 0-0: Ball
1-0: Ball
2-0: Fly out, F9 (Flyball, 9LM, EV 91.9 MPH)
Batting: RHB Johnny Love 0-0: Called Strike
0-1: Ball
1-1: Ball
2-1: Swinging Strike
2-2: Foul Ball, location: 2F
2-2: Foul Ball, location: 7LMF
2-2: Strikes out swinging
Bottom of the 8th over - 0 runs, 0 hits, 0 errors, 0 left on base; FCL Ottawa 5 - FCL Philadelphia 2
TOP OF THE 9TH
FCL Ottawa Lynx batting - Pitching for FCL Philadelphia Phillies : LHP Jim Unknown
Batting: LHB Jim Unknown 0-0: Ball
1-0: Ball
2-0: SINGLE (Groundball, 34D, EV 102.5 MPH)
Batting: RHB Jim Unknown 0-0: Ground out 6-3 (Groundball, 6, EV 105.0 MPH)
Jim Unknown to second
Batting: RHB Jim Unknown 0-0: Ball
1-0: Swinging Strike
1-1: Called Strike
1-2: Ball
2-2: Ball
3-2: Base on Balls
Batting: LHB Jim Unknown 0-0: Called Strike
0-1: Ball
1-1: Swinging Strike
1-2: Ball
2-2: Ball
3-2: Strikes out swinging
Batting: LHB Dan Gibson 0-0: Ball
1-0: Ball
2-0: Ground out 4-3 (Groundball, 34, EV 80.6 MPH)
Top of the 9th over - 0 runs, 1 hit, 0 errors, 2 left on base; FCL Ottawa 5 - FCL Philadelphia 2
BOTTOM OF THE 9TH
FCL Philadelphia Phillies batting - Pitching for FCL Ottawa Lynx : LHP Jorge Vázquez
Pitching: LHP Brendan Gunther
Pinch Hitting: RHB Curt Singleton 0-0: Ball
1-0: Ball
2-0: Called Strike
2-1: Swinging Strike
2-2: Ball
3-2: Strikes out swinging
Pinch Hitting: RHB Jim Unknown 0-0: Called Strike
0-1: Swinging Strike
0-2: Ball
1-2: Strikes out swinging
Pinch Hitting: RHB Jim Unknown 0-0: Ball
1-0: Ball
2-0: Ball
3-0: Base on Balls
Batting: SHB Mike Bell 0-0: Ball
1-0: Ball
2-0: Swinging Strike
2-1: Ball
3-1: SINGLE (Flyball, 8RS, EV 89.4 MPH)
Jim Unknown to second
Batting: SHB Jim Unknown 0-0: Ball
1-0: Ball
2-0: Swinging Strike
2-1: Foul Ball, location: 2F
2-2: Foul Ball, location: 3F
2-2: Foul Ball, location: 2F
2-2: Ground out 3-1 (Groundball, 34, EV 103.8 MPH)
Bottom of the 9th over - 0 runs, 1 hit, 0 errors, 2 left on base; FCL Ottawa 5 - FCL Philadelphia 2
Friday, May 3rd , 2024 - OOTP Baseball 24.10 Build 82